 Dungeon Crawl Stone Soup version 0.28.0-45-g0d030f2227 (webtiles) character file.

Game seed: 8175338896250807777

608 H0rd4k the Magician (level 7, -18/38 HPs)
             Began as a Deep Elf Hedge Wizard on Apr 6, 2022.
             Engulfed by a cloud of flame (25 damage)
             ... on level 5 of the Dungeon.
             The game lasted 00:09:47 (6543 turns).

H0rd4k the Magician (Deep Elf Hedge Wizard)         Turns: 6543, Time: 00:09:48

Health: -18/38     AC:  2    Str:  7    XL:     7   Next: 19%
Magic:  7/20       EV: 13    Int: 21    God:
Gold:   180        SH:  0    Dex: 14    Spells: 12/21 levels left

rFire   . . .      SeeInvis .   a - +0 dagger
rCold   + . .      Faith    .   (no shield)
rNeg    . . .      Spirit   .   b - +0 robe
rPois   .          Reflect  .   c - +0 hat
rElec   .          Harm     .   (no cloak)
rCorr   .          Rampage  .   (no gloves)
Will    .....                   (no boots)
Stlth   ++........              (no amulet)
HPRegen 0.12/turn               s - ring of protection from cold
MPRegen 0.17/turn               (no ring)

@: on blink cooldown
A: no striking features
a: no special abilities


You were on level 5 of the Dungeon.
You visited 1 branch of the dungeon, and saw 5 of its levels.

You collected 180 gold pieces.

Inventory:

Hand Weapons
 a - a +0 dagger (weapon)
Armour
 b - a +0 robe (worn)
 c - a +0 hat (worn)
Jewellery
 s - a ring of protection from cold (left hand)
Wands
 l - a wand of paralysis (11)
Scrolls
 e - 4 scrolls of vulnerability {unknown}
 g - 3 scrolls of identify {unknown}
 k - a scroll of immolation {unknown}
 p - a scroll of teleportation {unknown}
 q - a scroll of fear {unknown}
Potions
 d - a potion of mutation {unknown}
 f - a potion of heal wounds {unknown}
 h - a potion of flight {unknown}
 i - 3 potions of curing {unknown}
 j - a potion of brilliance {unknown}
 m - a potion of haste {unknown}
 n - a potion of might {unknown}
 o - a potion of magic {unknown}
 r - a potion of degeneration {unknown}


   Skills:
 + Level 1.1 Fighting
 + Level 0.3 Short Blades
 + Level 2.9 Dodging
 + Level 3.5 Stealth
 + Level 7.9 Spellcasting
 + Level 4.2 Conjurations
 + Level 1.1 Summonings
 + Level 1.3 Translocations
 + Level 1.8 Fire Magic
 + Level 1.0 Air Magic
 + Level 1.7 Poison Magic


You had 12 spell levels left.
You knew the following spells:

 Your Spells              Type           Power      Damage    Failure   Level
a - Magic Dart            Conj           100%       1d8       1%          1
b - Blink                 Tloc           26%        N/A       7%          2
c - Conjure Flame         Conj/Fire      20%        6-21      7%          3
d - Mephitic Cloud        Conj/Pois/Air  18%        N/A       10%         3

Your spell library contained the following spells:

 Spells                   Type           Power      Damage    Failure   Level
 Call Imp                 Summ           12%        N/A       8%          2
 Slow                     Hex            32%        N/A       9%          1
 Dazzling Flash           Conj/Hex       34%        N/A       10%         3
 Ensorcelled Hibernation  Hex/Ice        16%        N/A       12%         2
 Sublimation of Blood     Necr           8%         N/A       12%         2
 Wereblood                Tmut           8%         N/A       12%         2
 Spider Form              Tmut/Pois      12%        N/A       17%         3
 Iskenderun's Mystic Bla  Conj/Tloc      19%        2d6       26%         4
 Anguish                  Hex/Necr       4%         N/A       63%         4
 Starburst                Conj/Fire      10%        6d5       98%         6
 Summon Hydra             Summ           6%         N/A       100%        7


Dungeon Overview and Level Annotations

Branches:
Dungeon (5/15)             Temple (0/1) D:5

Altars:
Ru

Annotations:
D:3 1 runed translucent door, exclusions: door and 2 downstairs, dangdung's ghost, amateur OpTm
D:4 exclusion: 2 downstairs, Grinder
D:5 Blork the orc; Sigmund


Message History

The ball explodes into a vile cloud!
The stinking cloud engulfs Blork the orc but does no damage.
You hear a shout!
Blork the orc is engulfed in noxious fumes.
The magic dart hits Blork the orc.
Blork the orc is lightly wounded.
Blork the orc points at you and mumbles some strange words.
The puff of flame hits you.
The magic dart hits Blork the orc.
Blork the orc is moderately wounded.
Blork the orc gestures wildly while chanting.
Blork the orc seems to speed up.
Casting: Magic Dart (safe; 1% risk of failure)
Confirm with . or Enter, or press ? or * to list all spells.
Aiming: Mephitic Cloud (dangerous; 10% risk of failure)
Press: ? - help, Shift-Dir - straight line, f/p - Blork the orc
Aim: Blork the orc, wielding a +3 long sword of protection and wearing a +0 robe (moderately wounded, fast, chance to affect: 86%)
The ball explodes into a vile cloud!
The stinking cloud engulfs Blork the orc but does no damage.
Blork the orc is moderately wounded.
You hear a shout! x4
Blork the orc is engulfed in noxious fumes.
Blork the orc is engulfed in blazing flames.
You hit Blork the orc but do no damage.
Blork the orc is heavily wounded.
Blork the orc hits you with a +3 long sword of protection!
The magic dart hits Blork the orc!
Blork the orc is severely wounded.
Blork the orc points at you and mumbles some strange words.
The magic dart hits you.
An orc wizard comes into view. It is wielding a +0 dagger.
Blork the orc hits you with a +3 long sword of protection!
* * * LOW HITPOINT WARNING * * *
Casting: Magic Dart (safe; 1% risk of failure)
Confirm with . or Enter, or press ? or * to list all spells.
You blink.
A bullfrog skeleton comes into view.
You are engulfed in blazing flames.
Ouch! That really hurt!
You die...

...#...#.#.......'........
.... ### #.......#........
...# ...##.######........
#.. .#..
...#......#........ #..
...# >..##.....#........
#.. .....#..['........ #..
###....§#........ #..
#......o#........ #..
#...#####@#........ ...
........°.......... ..g
##.....°..######## ...
#.Z......# ... #........#
... #.....o..# ...
#........## ...
###'#.....# ### ...#.....#


You could see Blork the orc (fast), an orc wizard and a bullfrog skeleton.

Vanquished Creatures
  A black bear (D:5)
  An ogre (D:3)
  A scorpion (D:4)
  A gnoll shaman (D:5)
  A hound (D:4)
  A centaur skeleton (D:5)
  3 iguanas (D:4)
  An orc wizard (D:4)
  2 hound skeletons (D:4)
  A howler monkey skeleton (D:4)
  3 adders
  2 gnolls
  7 dart slugs
  8 orcs
  4 ball pythons
  5 endoplasms
  4 giant cockroaches
  6 goblins
  9 hobgoblins
  4 quokkas
  5 bats
  5 frilled lizards
  12 kobolds
  3 rats
90 creatures vanquished.

Notes
Turn   | Place    | Note
-------+----------+-------------------------------------------
     0 | D:1      | H0rd4k the Deep Elf Hedge Wizard began the quest for the
                  | Orb.
     0 | D:1      | Reached XP level 1. HP: 10/10 MP: 7/7
   348 | D:1      | Reached XP level 2. HP: 15/15 MP: 2/9
   451 | D:1      | Reached skill level 5 in Spellcasting
  1003 | D:1      | Reached XP level 3. HP: 16/19 MP: 5/11
  1068 | D:1      | Found a faded altar of an unknown god.
  1328 | D:1      | Learned a level 2 spell: Blink
  1332 | D:1      | Learned a level 3 spell: Conjure Flame
  1336 | D:1      | Learned a level 3 spell: Mephitic Cloud
  2617 | D:3      | Found a runed translucent door.
  2732 | D:3      | Reached XP level 4. HP: 24/24 MP: 7/13
  3542 | D:3      | Reached skill level 6 in Spellcasting
  3726 | D:3      | Noticed dangdung's ghost (amateur OpTm)
  3812 | D:4      | Noticed a scorpion
  3819 | D:4      | Killed a scorpion
  3820 | D:4      | Reached skill level 1 in Air Magic
  3820 | D:4      | Reached XP level 5. HP: 28/28 MP: 6/15
  3938 | D:4      | Noticed an ogre
  3994 | D:3      | Killed an ogre
  3995 | D:3      | Reached skill level 1 in Fire Magic
  3995 | D:3      | Reached skill level 1 in Poison Magic
  4215 | D:4      | Reached XP level 6. HP: 16/32 MP: 5/17
  4586 | D:4      | Noticed Grinder
  4980 | D:4      | Found a sacrificial altar of Ru.
  5007 | D:4      | Reached skill level 7 in Spellcasting
  5676 | D:5      | Entered Level 5 of the Dungeon
  6033 | D:5      | Reached XP level 7. HP: 37/37 MP: 11/20
  6308 | D:5      | Noticed Sigmund
  6423 | D:5      | Reached skill level 1 in Fighting
  6521 | D:5      | Noticed Blork the orc
  6534 | D:5      | Found a staircase to the Ecumenical Temple.
  6543 | D:5      | Engulfed by a cloud of flame

Illustrated notes

Levels and vault maps discovered:
D:1:      minmay_arrival_split_and_join, layout_rooms,
          hellmonk_ecumenical_altar_leap_of_faith
D:2:      layout_loops_cross
D:3:      layout_loops_ring, ebering_ghost_reflecting_pool,
          nicolae_underground_beach
D:4:      layout_basic, nicolae_ru_awakened_eye, uniq_grinder
D:5:      layout_gridville, minmay_temple_entry_slanted, uniq_blork_the_orc,
          uniq_sigmund

Skill      XL: |  1  2  3  4  5  6  7 |
---------------+----------------------+-----
Spellcasting   | 5 6 7 |  7.9
Conjurations   | 2 3 4 |  4.2
Stealth        | 3 |  3.5
Air Magic      | 1 |  1.0
Fire Magic     | 1 |  1.8
Poison Magic   | 1 |  1.7
Fighting       | 1 |  1.1
Short Blades   | |  0.3
Dodging        | |  2.9
Summonings     | |  1.1
Translocations | |  1.3

Action                   |  1- 3 |  4- 6 |  7- 9 || total
-------------------------+-------+-------+-------++-------
Melee: Dagger            |     1 |       |     3 ||     4
 Cast: Magic Dart        |   133 |   168 |    32 ||   333
       Conjure Flame     |       |     8 |     3 ||    11
       Mephitic Cloud    |       |     2 |     2 ||     4
       Blink             |       |     3 |     2 ||     5
Armor: Robe              |     2 |     5 |     3 ||    10
Dodge: Dodged            |    13 |    22 |    18 ||    53
